Map: Arctic Dream LE

Players

IceKing

  • Race: Zerg Zerg
  • League: Diamond
  • Spawn Location: 6:00

XxZenxX

  • Race: Zerg Zerg
  • Spawn Location: 5:00

qqq - Winner!

  • Race: Zerg Zerg
  • League: Platinum
  • Spawn Location: 12:00

Massa - Winner!

  • Race: Terran Terran
  • League: Platinum
  • Spawn Location: 11:00

VOD

Have the link to the VOD?

Description

Time

  • Played on: Dec. 5, 2020, 4:43 p.m.
  • Length: 8:25
Show
View Real Time Build Order
Export as new Build Order

IceKing Zerg 

Build Orders: Hatch First 

Get SALT Encoding   

  12  0:00  Drone  
  13  0:12  Overlord  
  13  0:17  Drone  
  14  0:31  Drone x2  
  14  0:34  Drone  
  17  0:57  Hatchery  
  17  1:00  Drone x2  
  18  1:15  Extractor  
  18  1:17  Spawning Pool  
  16  1:21  Drone x2  
  18  1:28  Drone  
  19  1:55  Drone, Overlord  
  20  2:05  Queen  
  22  2:09  Queen  
  24  2:16  Metabolic Boost  
  24  2:26  Drone x3  
  24  2:27  Drone x2  
  29  2:32  Hatchery  
  28  2:41  Drone x2  
  30  2:50  Queen  
  32  3:05  Overlord  
  32  3:07  Zergling x8  
  36  3:22  Overlord  
  36  3:23  Overlord  
  36  3:25  Drone x3  
  36  3:26  Drone x2  
  41  3:32  Spine Crawler  
  40  3:34  Queen  
  42  3:41  Queen  
  44  3:52  Drone x4  
  44  3:53  Drone  
  49  4:11  Spine Crawler  
  47  4:32  Zergling x16  
  47  4:33  Zergling x14  
  47  4:38  Spine Crawler  
  47  4:40  Spine Crawler  
  47  4:42  Spine Crawler  
  20  5:04  Drone  
  20  5:05  Drone x3  
  26  5:20  Drone x5  
  26  5:40  Extractor  
  12  6:09  Drone x3  
  12  6:10  Drone x2  
  15  6:32  Evolution Chamber  
  14  6:35  Evolution Chamber  
  14  6:37  Spine Crawler  
  12  6:42  Drone  
  13  6:50  Spore Crawler  
  11  7:03  Drone  
  11  7:04  Drone x2  
  13  7:22  Drone x3  
  16  7:33  Drone x3  
  19  7:53  Zergling x2  
  19  7:54  Zergling x10  
Show
View Real Time Build Order
Export as new Build Order

XxZenxX Zerg 

Build Orders: Hatch First 

Get SALT Encoding   

  12  0:01  Drone  
  13  0:13  Overlord  
  13  0:18  Drone  
  14  0:31  Drone x2  
  16  0:36  Drone  
  17  0:53  Hatchery  
  16  0:57  Drone  
  16  0:59  Drone  
  18  1:16  Extractor  
  18  1:17  Spawning Pool  
  16  1:36  Drone  
  16  1:37  Drone x2  
  19  1:54  Overlord  
  19  2:06  Queen  
  19  2:07  Queen  
  23  2:08  Zergling x2  
  23  2:09  Zergling x2  
  25  2:23  Hatchery  
  25  2:24  Drone  
  25  2:26  Drone  
  25  2:29  Drone  
  27  2:46  Drone x4  
  31  3:02  Drone x3  
  34  3:18  Drone x2  
  34  3:19  Overlord  
  36  3:20  Overlord x2  
  35  3:31  Roach Warren  
  34  3:39  Drone  
  34  3:40  Overlord  
  35  3:41  Overlord  
  35  3:43  Drone x4  
  35  3:45  Queen  
  41  4:26  Roach x4  
  41  4:27  Roach x7  
  41  4:28  Roach  
  65  4:38  Lair  
  65  4:45  Evolution Chamber  
  59  5:34  Roach x4  
  59  5:35  Zergling x10  
  72  5:40  Zergling x4  
  72  5:41  Roach x3  
  63  6:01  Zergling x6  
  63  6:02  Zergling x4, Roach x2  
  63  6:03  Roach x2  
  73  6:06  Queen  
  70  6:14  Queen  
  72  6:42  Queen  
  59  7:12  Drone x3  
  59  7:15  Drone x3  
  62  7:16  Drone x2  
  62  7:17  Drone, Queen  
  68  7:47  Drone x4  
  68  7:48  Drone x2  
  74  7:54  Drone x3  
  74  7:55  Drone  
Show
View Real Time Build Order
Export as new Build Order

qqq Zerg - Winner!

Build Orders: Hatch First 

Get SALT Encoding   

  12  0:00  Drone  
  13  0:08  Drone  
  14  0:22  Overlord  
  14  0:44  Hatchery  
  14  0:48  Drone  
  14  0:51  Drone  
  14  0:55  Drone  
  16  1:14  Spawning Pool  
  16  1:16  Extractor  
  14  1:19  Drone  
  14  1:23  Drone  
  16  1:28  Drone  
  17  1:49  Drone  
  17  1:50  Drone  
  17  1:53  Drone  
  20  1:56  Drone  
  21  2:02  Queen  
  21  2:07  Queen  
  25  2:13  Overlord  
  25  2:19  Drone  
  25  2:21  Drone  
  27  2:27  Overlord  
  27  2:30  Zergling x2  
  27  2:36  Drone  
  30  2:37  Zergling x2  
  30  2:41  Metabolic Boost  
  30  2:45  Drone  
  31  2:52  Zergling x2  
  31  2:57  Zergling x2  
  33  2:59  Zergling x2, Evolution Chamber  
  33  3:03  Drone  
  34  3:08  Zergling x2  
  35  3:28  Zerg Melee Weapons Level 1  
  35  3:29  Zergling x4  
  35  3:31  Zergling x4  
  35  3:32  Drone, Zergling x2  
  41  3:44  Zergling x2  
  41  3:45  Zergling x2  
  43  3:48  Hatchery  
  42  4:04  Zergling x4  
  42  4:05  Overlord x2  
  44  4:16  Lair  
  44  4:21  Overlord x2  
  42  4:35  Zergling x2  
  42  4:36  Drone x3, Zergling x4  
  41  4:59  Zergling x6  
  44  5:00  Drone x3  
  44  5:04  Drone  
  47  5:36  Hatchery  
  47  5:39  Spire  
  47  5:40  Extractor, Drone x4  
  47  5:41  Drone x2  
  49  5:52  Zergling x2  
  49  5:53  Zergling x8  
  47  6:08  Drone  
  47  6:09  Drone x2  
  47  6:10  Spire  
  44  6:15  Queen  
  46  6:21  Drone, Extractor  
  46  6:22  Drone x3, Extractor  
  48  6:34  Drone x3  
  48  6:38  Extractor x2  
  49  6:42  Drone x2  
  49  6:43  Drone x4  
  49  6:44  Infestation Pit  
  49  6:46  Drone  
  55  6:47  Drone x2  
  57  6:58  Drone, Queen  
  60  7:11  Drone x3  
  60  7:12  Drone x2  
  60  7:13  Overlord x3  
  65  7:15  Drone  
  65  7:16  Drone x3  
  65  7:19  Spine Crawler  
  65  7:22  Drone  
  69  7:25  Mutalisk x2  
  69  7:29  Drone x2  
  75  7:32  Mutalisk  
  75  7:35  Mutalisk  
  79  7:41  Spine Crawler  
  78  7:45  Mutalisk x2  
  78  7:47  Mutalisk  
  84  7:52  Mutalisk  
  84  7:53  Mutalisk  
  84  8:01  Mutalisk x2  
Show
View Real Time Build Order
Export as new Build Order

Massa Terran - Winner!

Build Orders: 2 Factory, Hellion Opening 

Get SALT Encoding   

  12  0:00  SCV  
  13  0:12  SCV  
  14  0:17  Supply Depot  
  14  0:25  SCV  
  15  0:38  SCV  
  15  0:39  Refinery  
  16  0:44  Barracks  
  16  0:52  Supply Depot  
  16  0:56  SCV  
  17  1:03  Refinery  
  17  1:08  SCV  
  18  1:20  SCV  
  19  1:32  SCV  
  20  1:39  Factory, Marine  
  21  1:44  SCV  
  22  1:57  Factory  
  22  2:06  Barracks Tech Lab  
  22  2:08  Orbital Command  
  22  2:32  Barracks Reactor, Hellion  
  22  2:33  Infernal Pre-Igniter  
  22  2:36  SCV  
  25  2:45  Hellion  
  27  2:54  Hellion  
  29  3:17  Hellion  
  31  3:24  Supply Depot  
  31  3:26  Supply Depot  
  31  3:34  Barracks Tech Lab  
  31  3:44  Hellion x3, Command Center  
  37  4:05  Hellion x3  
  43  4:13  Engineering Bay  
  43  4:14  Stimpack  
  43  4:27  Hellion x2  
  43  4:48  Hellion x2  
  43  4:49  Hellion  
  32  5:39  Hellion  
  32  5:40  Hellion x2  
  34  5:50  SCV  
  34  5:54  Orbital Command  
  35  6:01  Hellion x3  
  43  6:11  Marauder  
  43  6:16  Starport  
  43  6:22  Hellion  
  43  6:23  Starport  
  47  6:33  Marauder  
  33  7:19  Starport Tech Lab x2  
  33  7:20  Siege Tank  
  33  7:22  Widow Mine x2  
  32  7:23  Marauder  
  32  7:25  SCV x2  
  36  7:37  SCV x2  
  36  7:38  Missile Turret  
  36  7:39  Missile Turret  
  36  7:44  Widow Mine  
  40  7:49  SCV x2  
  42  7:52  Refinery  
  42  7:55  Refinery  
  45  8:01  SCV  
  45  8:02  SCV  
  45  8:03  Marine  
Tags
 
Add a new tag
Caveats
  • Supply blocks, unpowered buildings, or Contaminate may cause inaccurate times.
  • Supply counts are checked every 10 seconds.